 Dungeon Crawl Stone Soup version 0.23.2-30-g0e89c35649 (webtiles) character file.

Game seed: 3721809610523326304

29 Kobolds4U the Conjurer (level 3, 0/19 HPs)
             Began as a Deep Elf Conjurer on June 17, 2019.
             Was an Initiate of Dithmenos.
             Slain by Terence
             ... wielding a +0 mace of protection
              (8 damage)
             ... on level 2 of the Dungeon.
             The game lasted 00:02:50 (1397 turns).

Kobolds4U the Conjurer (Deep Elf Conjurer)          Turns: 1397, Time: 00:02:50

Health: 0/19       AC:  2    Str:  5    XL:     3   Next: 1%
Magic:  0/10       EV: 14    Int: 20    God:    Dithmenos [......]
Gold:   50         SH:  0    Dex: 15    Spells: 6/9 levels left

rFire    . . .     SeeInvis .   e - +0 dagger
rCold    . . .     Gourm    .   (no shield)
rNeg     . . .     Faith    .   a - +0 robe
rPois    .         Spirit   .   (no helmet)
rElec    .         Reflect  .   (no cloak)
rCorr    .         Harm     .   (no gloves)
MR       .....                  (no boots)
Stlth    ++........             (no amulet)
HPRegen  0.06/turn              (no ring)
MPRegen  0.12/turn              (no ring)

@: very slightly contaminated
A: no striking features
a: Renounce Religion


You were on level 2 of the Dungeon.
You worshipped Dithmenos.
Dithmenos was noncommittal.
You were not hungry.

You visited 1 branch of the dungeon, and saw 2 of its levels.

You collected 50 gold pieces.

Inventory:

Hand Weapons
 e - a +0 dagger (weapon)
Missiles
 b - 22 arrows
Armour
 a - a +0 robe (worn)
Jewellery
 h - an uncursed ring of fire
 j - an uncursed amulet of harm {unknown}
Scrolls
 d - 2 scrolls of teleportation {unknown}
 i - 3 scrolls of identify {unknown}
 k - a scroll of remove curse {unknown}
Potions
 g - a potion of might {unknown}
Comestibles
 c - a ration
 f - 3 chunks of flesh


   Skills:
 * Level 3.8 Dodging
 - Level 2.4 Stealth
 + Level 3.6 Spellcasting
 - Level 4.3 Conjurations


You had 6 spell levels left.
You knew the following spells:

 Your Spells              Type           Power        Failure   Level  Hunger
a - Magic Dart            Conj           ###.         2%          1    None
b - Searing Ray           Conj           ###...       3%          2    ##.....

Your spell library contained the following spells:

 Spells                   Type           Power        Failure   Level  Hunger
 Dazzling Spray           Conj/Hex       ##....       16%         3    ###....
 Iskenderun's Mystic Bla  Conj           ###.....     22%         4    ####...
 Force Lance              Conj/Tloc      ##......     47%         4    ####...
 Fulminant Prism          Conj/Hex       ##........   47%         4    ####...


Dungeon Overview and Level Annotations

Branches:
Dungeon (2/15)

Altars:
Dithmenos

Annotations:
D:2 Terence


Message History

Ouch! That really hurt!
Casting: Searing Ray (safe; 3% risk of failure)
Confirm with . or Enter, or press ? or * to list all spells.
Aiming: Searing Ray (safe; 3% risk of failure)
Press: ? - help, Shift-Dir - straight line, f/p - Terence
Aim: Terence, wielding a +0 mace of protection and wearing a +0 scale mail (lightly wounded)
The searing ray hits Terence but does no damage.
Terence is lightly wounded. (Press . to maintain the ray.) Terence hits you with a +0 mace of protection.
The searing ray hits Terence.
Terence is moderately wounded.
The searing ray hits Terence but does no damage.
Terence is moderately wounded.
Terence misses you.
The searing ray hits Terence.
Terence is moderately wounded.
You finish channeling your searing ray.
Terence hits you with a +0 mace of protection!
You die...

#.....# #....#####.
#.....# #......[.#.
#.....####..........
####..........)........
.#....................#.
...........##.........##
..........##...#......#.
..........####.#........
.......@.....#..รท.....##
.....$@...##..#..)....#
..........###..........#
#.........# ###........#
........... ##.....#.#
..........## ......#.#
..........# ....... #
...>....<.# ........


You could see Terence.

Vanquished Creatures
  A leopard gecko (D:1)
  A giant cockroach (D:2)
  3 goblins (D:1)
  2 hobgoblins (D:1)
  4 jackals (D:1)
  3 kobolds
  A bat (D:1)
  8 frilled lizards
  4 rats (D:1)
27 creatures vanquished.

Notes
Turn   | Place    | Note
-------+----------+-------------------------------------------
     0 | D:1      | Kobolds4U the Deep Elf Conjurer began the quest for the
                  | Orb.
     0 | D:1      | Reached XP level 1. HP: 10/10 MP: 6/6
   557 | D:1      | Reached XP level 2. HP: 15/15 MP: 6/8
   594 | D:1      | Learned a level 2 spell: Searing Ray
  1292 | D:2      | Found a shadowy altar of Dithmenos.
  1330 | D:2      | Became a worshipper of Dithmenos the Shadowed
  1354 | D:2      | Reached XP level 3. HP: 19/19 MP: 7/10
  1386 | D:2      | Noticed Terence
  1397 | D:2      | Slain by Terence

Skill      XL: |  1 |
---------------+----+-----
Dodging        | 3 |  3.8
Stealth        | |  2.4
Spellcasting   | |  3.6
Conjurations   | |  4.3

Action                   || total
-------------------------++-------
Melee: Unarmed           ||     7
       Dagger            ||     3
 Cast: Magic Dart        ||    49
       Searing Ray       ||     2
 Stab: Sleeping          ||     1
  Eat: Chunk             ||     1
Armor: Robe              ||     4
Dodge: Dodged            ||    21
